 Dungeon Crawl Stone Soup version 0.19-a0-1891-ge1d1fe8 (webtiles) character file.

1388 Minion the Covert (level 8, -12/75 HPs)
             Began as an Octopode Assassin on Oct 18, 2016.
             Was a Believer of Dithmenos.
             Mangled by a hill giant
             ... wielding a +0 giant club
              (36 damage)
             ... on level 7 of the Dungeon.
             The game lasted 00:24:22 (5040 turns).

Minion the Covert (Octopode Assassin)               Turns: 5040, Time: 00:24:23

Health: -12/75     AC:  1    Str: 18    XL:     8   Next: 68%
Magic:  17/17      EV: 18    Int: 13    God:    Dithmenos [**....]
Gold:   339        SH:  0    Dex: 15    Spells: 0 memorised, 7 levels left

rFire  . . .     SeeInvis .     a - +2 dagger
rCold  . . .     Gourm    .     (no shield)
rNeg   . . .     Faith    .     (helmet restricted)
rPois  .         Spirit   .     i - amulet of rage
rElec  .         Reflect  .     z - +2 ring of evasion
rCorr  .         Harm     .     H - ring of magical power
MR     .....                    K - +2 ring of strength
Stlth  ..........               (no ring)
                                (no ring)
                                (no ring)
                                (no ring)
                                (no ring)

@: berserking, wreathed by umbra, very quick
A: almost no armour, stealthy swim, amphibious, 8 rings, constrict 8, camouflage
1, gelatinous body 1
a: Shadow Step, Renounce Religion, Evoke Berserk Rage


You were on level 7 of the Dungeon.
You worshipped Dithmenos.
Dithmenos was pleased with you.
You were not hungry.

You visited 1 branch of the dungeon, and saw 7 of its levels.

You collected 339 gold pieces.

Inventory:

Hand Weapons
 a - a +2 dagger (weapon)
 b - a +0 blowgun
Missiles
 c - 65 poisoned needles
 d - 2 curare-tipped needles
Jewellery
 i - an amulet of rage (around mantle)
 z - a +2 ring of evasion (left tentacle)
 H - a ring of magical power (right tentacle)
 J - an uncursed amulet of the gourmand {unknown}
 K - a +2 ring of strength (on tentacle)
Wands
 E - a wand of paralysis (11/24)
 G - a wand of random effects (31/48)
Scrolls
 e - 3 scrolls of blinking {unknown}
 g - 4 scrolls of remove curse
 j - 4 scrolls of identify
 m - 3 scrolls of enchant armour {unknown}
 n - 2 scrolls of amnesia {unknown}
 q - a scroll of random uselessness {unknown}
 s - 2 scrolls of teleportation {unknown}
 x - a scroll of fear {unknown}
 y - 2 scrolls of fog {unknown}
 D - a scroll of noise {unknown}
 F - 2 scrolls of immolation {unknown}
 L - a scroll of magic mapping {unknown}
Potions
 h - 2 potions of might {unknown}
 o - a potion of resistance {unknown}
 r - 2 potions of curing {unknown}
 t - 3 potions of brilliance {unknown}
 u - 2 potions of cure mutation {unknown}
 v - a potion of lignification {unknown}
 w - 2 potions of agility {unknown}
 C - a potion of ambrosia {unknown}
 I - a potion of mutation {unknown}
Books
 M - a book of Summonings

   Spells                             Type                      Level
   a - Recall                         Summoning/Translocation      3
   b - Aura of Abjuration             Summoning                    5
   c - Summon Demon                   Summoning                    5
   d - Summon Forest                  Summoning/Translocation      5
   e - Summon Mana Viper              Hexes/Summoning              5
   f - Shadow Creatures               Summoning                    6
Comestibles
 f - 2 bread rations
 k - 3 meat rations
 l - 2 beef jerkies


   Skills:
 - Level 2.0 Fighting
 * Level 7.6 Short Blades
 - Level 2.0 Throwing
 + Level 5.4 Dodging
 + Level 8.8 Stealth


You had 7 spell levels left.
You didn't know any spells.

Dungeon Overview and Level Annotations

Branches:
Dungeon (7/15)             Temple (0/1) D:7

Altars:
Cheibriados
Dithmenos
Gozag
Okawaru
Qazlal
Sif Muna

Shops:
D:5 :   D:6 =   D:7 %

Annotations:
D:6 Naow's ghost, novice FoFi


Innate Abilities, Weirdness & Mutations

You cannot wear most types of armour.
You are very stealthy in the water. (Stealth+)
You are amphibious.
You can wear up to eight rings at the same time.
You can use your tentacles to constrict eight enemies at once.
Your skin changes colour to match your surroundings (Stealth+).
Your rubbery body absorbs attacks. (AC +1, EV +1)


Message History

The hill giant is too close now for your liking.
You fail to use your ability.
You fail to use your ability.
A red film seems to cover your vision as you go berserk!
You feel yourself moving faster!
You feel mighty!
You feel a lot more hungry.
The hill giant shouts!
The centaur shouts!
You hear a shout!
The centaur wields a shortbow.
The centaur shoots an arrow.
The arrow hits you!
You barely miss the hill giant. You puncture the hill giant!
You squeeze the hill giant!
The hill giant is moderately wounded.
The hill giant hits you with a giant club!!!
Ouch! That really hurt!
You completely miss the hill giant. You squeeze the hill giant!
The hill giant is moderately wounded.
You barely miss the hill giant.
The hill giant is moderately wounded.
You hit the hill giant.
The hill giant is moderately wounded.
The hill giant hits you with a giant club!!!
You die...

#..o.# #####+#######...#.
#.oY. #...........##...#.
#...c '..........(.......
... #......?....##.#.∩.
..Y#####...........##.#...
#........c.........##.#C##
#..................##.#<#
#.......>C.........##.#..#
#........@.........##.#...
#.............#######.##.#
#####...####### .#
....#.#..# .# .........#
.. .#######..# #. .# #
#.####### #####.###
###........ #.......
+..........


You could see a hill giant, an ice beast and a centaur.

Vanquished Creatures
  A hippogriff (D:7)
  A wyvern (D:6)
  An ogre (D:4)
  An ice beast (D:6)
  2 bullfrogs
  3 scorpions
  2 crimson imps
  3 orc wizards
  2 orc priests (D:4)
  An iguana (D:7)
  3 worker ants
  A killer bee zombie (D:7)
  A worker ant zombie (D:7)
  5 gnolls
  9 adders
  A shadow imp (D:5)
  An ooze (D:3)
  An adder skeleton (D:5)
  A worm (D:3)
  2 dart slugs
  4 leopard geckos
  16 orcs
  4 giant cockroaches
  9 goblins
  9 hobgoblins
  3 jackals
  2 quokkas
  2 ball pythons
  8 bats
  6 frilled lizards
  8 kobolds
  A leopard gecko zombie (D:5)
  A quokka skeleton (D:6)
  10 rats
125 creatures vanquished.

Notes
Turn   | Place    | Note
-------+----------+-------------------------------------------
     0 | D:1      | Minion the Octopode Assassin began the quest for the Orb.
     0 | D:1      | Reached XP level 1. HP: 14/14 MP: 1/1
   190 | D:1      | Reached XP level 2. HP: 19/19 MP: 2/2
   457 | D:1      | Reached XP level 3. HP: 24/24 MP: 3/3
   833 | D:2      | Reached XP level 4. HP: 24/29 MP: 4/4
  1029 | D:2      | Found a shadowy altar of Dithmenos.
  1273 | D:2      | Became a worshipper of Dithmenos the Shadowed
  1341 | D:2      | Found a deep blue altar of Sif Muna.
  1596 | D:3      | Found an opulent altar of Gozag.
  1650 | D:3      | Reached skill level 6 in Stealth
  1808 | D:3      | Reached XP level 5. HP: 25/34 MP: 5/5
  2118 | D:3      | Reached * piety under Dithmenos
  2434 | D:4      | Reached XP level 6. HP: 31/39 MP: 6/6
  2902 | D:4      | Found a snail-covered altar of Cheibriados.
  2903 | D:4      | Found an iron altar of Okawaru.
  3023 | D:5      | Entered Level 5 of the Dungeon
  3067 | D:5      | Reached skill level 5 in Short Blades
  3067 | D:5      | Reached skill level 7 in Stealth
  3243 | D:5      | Reached ** piety under Dithmenos
  3243 | D:5      | Reached XP level 7. HP: 45/45 MP: 7/7
  3419 | D:5      | Found Qirphi Cua's Book Shoppe.
  3637 | D:6      | Found Kaozoas's Jewellery Shoppe.
  3738 | D:6      | Noticed a wyvern
  3741 | D:6      | Killed a wyvern
  3741 | D:6      | Reached skill level 8 in Stealth
  3741 | D:6      | Reached XP level 8. HP: 50/50 MP: 8/8
  3831 | D:6      | Noticed Naow's ghost (novice FoFi)
  4090 | D:6      | Found a stormy altar of Qazlal.
  4270 | D:7      | Found Wolivee's Food Boutique.
  4278 | D:7      | Noticed a hill giant
  4282 | D:7      | Found a staircase to the Ecumenical Temple.
  4283 | D:7      | Reached skill level 5 in Dodging
  4834 | D:7      | Noticed a hippogriff
  4847 | D:7      | Killed a hippogriff
  5040 | D:7      | Mangled by a hill giant

Vault maps used:
D:1:      minmay_arrival_checkered_box, minivault_26
D:2:      lemuel_round_altar, led_sif_pool
D:3:      grunt_gozag_breadcrumbs
D:4:      gammafunk_temple_overflow_statue, first_bread
D:5:      serial_shops, shop
D:6:      minmay_cornered_nines, grunt_qazlal_clouds, serial_shops,
          nicolae_shop_crystal
D:7:      lemuel_doored_altar, serial_shops, nicolae_shop_stone

Skill      XL: |  1  2  3  4  5  6  7  8 |
---------------+-------------------------+-----
Short Blades   | 3 4 5 6 7 |  7.6
Dodging        | 2 3 4 5 |  5.4
Stealth        | 6 7 8 |  8.8
Fighting       | |  2.0
Throwing       | |  2.0

Action                   |  1- 3 |  4- 6 |  7- 9 || total
-------------------------+-------+-------+-------++-------
Melee: Dagger            |    54 |   134 |   103 ||   291
       Constrict         |     8 |    30 |     8 ||    46
       Tentacles         |     8 |    30 |    24 ||    62
Invok: Shadow Step       |       |       |     1 ||     1
 Abil: Evoke Berserk Rag |       |       |     3 ||     3
Evoke: Wand              |       |       |     1 ||     1
  Use: Scroll            |     1 |     1 |       ||     2
       Potion            |       |       |     4 ||     4
 Stab: Sleeping          |    20 |    16 |    18 ||    54
       Distracted        |       |       |     1 ||     1
  Eat: Chunk             |       |     5 |     3 ||     8
       Royal jelly       |       |     1 |       ||     1
       Bread ration      |       |       |     1 ||     1
       Pizza             |       |       |     1 ||     1
Armor: Skin              |     3 |     2 |     2 ||     7
Dodge: Dodged            |    12 |    63 |    55 ||   130
